 Dungeon Crawl Stone Soup version 0.30-a0-965-g42e074c17a (webtiles) character file.

Game seed: 820948653589054452

66 Darius099 the Chopper (level 3, -6/31 HPs)
             Began as a Minotaur Fighter on Mar 30, 2023.
             Mangled by Robin
             ... wielding a +0 trident
              (10 damage)
             ... on level 2 of the Dungeon.
             The game lasted 00:01:23 (323 turns).

Darius099 the Chopper (Minotaur Fighter)             Turns: 323, Time: 00:01:24

Health: -6/31      AC:  6    Str: 22    XL:     3   Next: 96%
Magic:  2/2        EV:  9    Int:  5    God:
Gold:   32         SH:  4    Dex:  9    Spells: 2/2 levels left

rFire   . . .      SeeInvis .    a - +0 war axe
rCold   . . .      Faith    .    c - +0 buckler
rNeg    . . .      Spirit   .    b - +0 scale mail
rPois   .          Reflect  .    (helmet restricted)
rElec   .          Rampage  .    (no cloak)
rCorr   .                        (no gloves)
Will    .....                    (no boots) Stlth
                                 (no amulet)
HPRegen 0.25/turn                (no ring)
MPRegen 0.08/turn                (no ring)

@: no status effects
A: horns 2, retaliatory headbutt
a: no special abilities


You were on level 2 of the Dungeon.
You visited 1 branch of the dungeon, and saw 2 of its levels.

You collected 32 gold pieces.

Inventory:

Hand Weapons
 a - a +0 war axe (weapon)
Armour
 b - a +0 scale mail (worn)
 c - a +0 buckler (worn)
Scrolls
 e - 2 scrolls of identify {unknown}
 f - a scroll of fog {unknown}
Potions
 d - a potion of might


   Skills:
 - Level 3.6 Fighting
 + Level 5.2 Axes
 - Level 3.6 Armour
 - Level 3.6 Shields


You had 2 spell levels left.
You didn't know any spells.
Your spell library contained the following spells:

 Spells                   Type           Power      Damage    Failure   Level
 Ignite Poison            Fire/Tmut/Pois 0%         N/A       99%         3
 Kindle Blastsparks       Fire/Tloc/Air  0%         2d10      99%         3
 Freezing Cloud           Conj/Ice/Air   0%         6-21      100%        5


Dungeon Overview and Level Annotations

Branches:
Dungeon (1/15)

Altars:

Annotations:
D:2 Robin


Innate Abilities, Weirdness & Mutations

You have a pair of horns on your head.
You reflexively headbutt those who attack you in melee.


Message History

The goblin hits you with a +0 dagger. The goblin barely misses you.
The goblin hits you but does no damage.
You slash the goblin!
You kill the goblin!
You barely miss the goblin.
You feel sick. The goblin hits you with a +0 dagger.
You slash the goblin!
You kill the goblin!
You hit the goblin.
You kill the goblin!
You feel sick. Robin throws the goblin at you!
You closely miss the goblin. You headbutt the goblin.
You kill the goblin!
You hit the goblin.
You feel sick.
The goblin no longer looks unusually strong.
You block the goblin's attack. Robin throws the goblin at you!
You barely miss the goblin. You closely miss the goblin.
You feel sick.
You are no longer poisoned.
The goblin hits you with a +0 club.
* * * LOW HITPOINT WARNING * * *
The goblin barely misses you.
You closely miss the goblin. Your headbutt misses the goblin.
You slash the goblin!
You kill the goblin!
You block Robin's attack. The goblin barely misses you.
You furiously retaliate!
You headbutt the goblin.
You kill the goblin!
Robin hits you from afar with a +0 trident.
* * * LOW HITPOINT WARNING * * *
Robin drinks a potion.
Robin seems to grow stronger.
Items here: ! ( )))))) †††.
You hit Robin. Your headbutt misses Robin.
Robin is lightly wounded.
Robin hits you with a +0 trident.
* * * LOW HITPOINT WARNING * * *
You hit Robin.
Robin is moderately wounded.
Robin says, "A pitiful Minotaur like you will never find the ORB!"
Robin hits you with a +0 trident!
You die...

.......####
###.......#
#...###.#####
#...# #.....#
##### #####.#
## #.# ..#
#†## ...#
#.)###....#
##).@g....#
####.....#
...(:..
.......
...[...
.......
.......
##)....


You could see Robin (strong).

Vanquished Creatures
  Jessica (D:2)
  2 adders (D:2)
  An endoplasm (D:2)
  11 goblins (D:2)
  A hobgoblin (D:2)
  A quokka (D:2)
  2 ball pythons (D:2)
  A frilled lizard (D:2)
20 creatures vanquished.

Notes
Turn   | Place    | Note
-------+----------+-------------------------------------------
     0 | D:1      | Darius099 the Minotaur Fighter began the quest for the Orb.
     0 | D:1      | Reached XP level 1. HP: 19/19 MP: 0/0
     8 | D:1      | You fall into a shaft and drop 1 floor!
    53 | D:2      | Noticed Jessica
    59 | D:2      | Killed Jessica
    60 | D:2      | Reached skill level 4 in Axes
    60 | D:2      | Reached XP level 2. HP: 23/26 MP: 1/1
   101 | D:2      | Reached XP level 3. HP: 30/31 MP: 2/2
   301 | D:2      | Noticed Robin
   312 | D:2      | Reached skill level 5 in Axes
   323 | D:2      | Mangled by Robin

Illustrated notes

Levels and vault maps discovered:
D:1:      mrwooster_arrival_statue, layout_basic,
          shapermc_ecumenical_altar_mp_ritualfount
D:2:      layout_basic, uniq_jessica, uniq_robin

Skill      XL: |  1  2  3 |
---------------+----------+-----
Axes           | 4 5 |  5.2
Fighting       | |  3.6
Armour         | |  3.6
Shields        | |  3.6

Action                     || total
---------------------------++-------
  Melee: War axe           ||    52
         Headbutt          ||    11
 Armour: Scale mail        ||    18
  Dodge: Dodged            ||    28
  Block: Buckler           ||     9

Table legend: (Time is in decaauts)
 A = Elapsed time spent in this place.
 B = Non-inter-level travel time spent in this place.
 C = Inter-level travel time spent in this place.
 D = Time resting spent in this place.
 E = Time spent auto-exploring this place.
 F = Levels seen in this place.
 G = Mean time per level.
                   A        B        C        D        E       F      G
               +--------+--------+--------+--------+--------+-----+--------+
         Total |    339 |    339 |      0 |     88 |     72 |   2 |  169.5 |
       Dungeon |    339 |    339 |      0 |     88 |     72 |   2 |  169.5 |
               +--------+--------+--------+--------+--------+-----+--------+

Top non-repeatable levels by time:
     D:2: 331 daAuts
     D:1: 8 daAuts
